[Event "Early-Titled-Tuesday-Blitz-September-12-2023"]
[Site "Chess.com"]
[Date "2023.09.12"]
[Round "9"]
[White "PLAYER_2006_M"]
[Black "GaiozNigalidze"]
[Result "1-0"]
[WhiteElo "2877"]
[BlackElo "2718"]
[TimeControl "180+1"]
[EndTime "9:46:32 PDT"]
[Termination "PLAYER_2006_M won by resignation"]

1. d4 Nf6 2. Nc3 g6 3. e4 d6 4. f4 Bg7 5. Bd3 Na6 6. e5 Nd7 7. Ne4 d5 8. Ng3 e6 9. c3 c5 10.
Nf3 c4 11. Bc2 b5 12. h4 Bb7 13. h5 Qc7 14. Ng5 Nb6 15. a3 O-O-O 16. Qg4 Kb8 17. Bd2 Bc8 18. O-O-O Qe7 19. Rh2 Nc7 20. Rdh1 a5 21.
hxg6 hxg6 22. Rh7 Rhg8 23. Nf3 Na6 24. Qg5 Qc7 25. Nh5 Bxe5 26. Qxe5 gxh5 27. Rxf7 Qxe5 28. Nxe5 Bd7 29. f5 exf5 30. Bf4 Kc8 31. g3 Rgf8 32. Nxd7 Rxf7 33. Nxb6+ Kb7 34. Nxd5 Rxd5 35. Rxh5 Nc7 36. Kd2 Ne6 37. Be4 Nxf4 38. gxf4 fxe4 39. Rxd5 Rxf4 40. Rxb5+ Ka6 41. a4 Rf2+ 42. Ke3 Rh2 43. Kxe4 Rh1 44. Kd5 Ra1 45. Kxc4 Rxa4+ 46. Kc5 Ra1 47. d5 Rh1 48. c4 Rh8 49. Rb6+ Ka7 50. Kb5 Rh2 51. Kxa5 Rh4 52.
b3 Rh1 53. Kb5 Rb1 54. Kc5 Rc1 55. d6 Rd1 56. Kc6 Rd4 57. c5 Rd3 58. b4 Rh3 59.
b5 Rh8 60. Rb7+ Ka8 61. Rc7 Rb8 62. b6 Rb7 63. Rc8+ 1-0

[Event "Early-Titled-Tuesday-Blitz-September-12-2023"]
[Site "Chess.com"]
[Date "2023.09.12"]
[Round "9"]
[White "kleopl"]
[Black "grzechu96"]
[Result "1-0"]
[WhiteElo "2531"]
[BlackElo "2641"]
[TimeControl "180+1"]
[EndTime "9:46:35 PDT"]
[Termination "kleopl won by resignation"]

1. e4 c5 2. Nc3 a6 3. Nf3 d6 4.
a4 Nf6 5. Bc4 e6 6. O-O Be7 7. d3 O-O 8. Bg5 Nc6 9. Re1 Ng4 10.
Bxe7 Qxe7 11. d4 cxd4 12. Nxd4 Qh4 13. Nxc6 bxc6 14. Qxd6 Qxf2+ 15. Kh1 Ne3 16. Bf1 Nxf1 17. Rxf1 Qxc2 18. Qxc6 Rb8 19. Qc4 Qb3 20. Qxb3 Rxb3 21.
Rf2 Bb7 22. Rd1 h6 23. Rd7 Rb4 24. h3 Bxe4 25. Nxe4 Rxe4 26. b3 Re5 27. Rd6 a5 28. Rb6 Rc8 29. Rb7 f5 30. Rd2 Re3 31. Kh2 Kh8 32.
Rdd7 Rg8 33. Rb5 Rc3 34. Re7 f4 35. Rxe6 Rc2 36. Rf5 Rd8 37. Rxf4 Rc3 38. Rb6 Rdd3 39. Rb5 Rxb3 40. Rxa5 Ra3 41. Ra7 Rd5 42. Rg4 Rg5 43. Rxg5 hxg5 44. a5 Kh7 45. a6 Kh6 46. Kg1 Ra2 47.
Kf1 Kg6 48. Ra8 Kh7 49. g4 Kg6 50. Ke1 Ra3 51. Kd2 Rxh3 52. Kc2 Ra3 53. Kb2 Ra4 54.
Kb3 Ra5 55. Kb4 Ra1 56. Kb5 Kf6 57. Re8 Kf7 58. Re2 Rb1+ 59. Kc6 Rc1+ 60. Kb7 Rb1+ 61. Ka8 Rb4 62. a7 Rxg4 63. Rb2 Ra4 64. Kb7 Ke6 65. Rb6+ Ke5 66. Ra6 Rb4+ 67. Kc7 Rc4+ 68. Kd7 Rd4+ 69.
Ke7 Kf4 70. a8=Q 1-0

[Event "Early-Titled-Tuesday-Blitz-September-12-2023"]
[Site "Chess.com"]
[Date "2023.09.12"]
[Round "9"]
[White "Gazaman_Empire"]
[Black "giomar27"]
[Result "0-1"]
[WhiteElo "2000"]
[BlackElo "2246"]
[TimeControl "180+1"]
[EndTime "9:46:38 PDT"]
[Termination "giomar27 won on time"]

1. d4 Nf6 2. c4 c5 3. e3 cxd4 4.
exd4 e6 5. Nc3 b6 6. Qf3 Nc6 7. Bd3 Rb8 8. Nge2 Bb7 9. Qg3 d5 10. Bg5 Be7 11. cxd5 Nxd5 12. Bxe7 Qxe7 13. Qxg7 Kd7 14.
Nxd5 exd5 15. Bf5+ Kc7 16. Qg3+ Qd6 17. O-O Rhg8 18.
Qc3 Rg5 19. Bh3 Rbg8 20. Ng3 h5 21. f4 R5g6 22. Nxh5 Bc8 23. f5 Rg5 24. Nf6 Qxf6 25. Rac1 Bd7 26. Qf3 Qxd4+ 27. Kh1 Kb7 28. Rfd1 Qf6 29.
Qxd5 Rd8 30. b4 Be8 31. Qf3 Rxd1+ 32. Rxd1 Kc7 33. b5 Ne5 34. Rc1+ Kd8 35. Qa8+ Ke7 36. Qxa7+ Bd7 37. Re1 Qd6 38. Qa8 Kf6 39. Qe4 Bxf5 40. Bxf5 Rxf5 41. g4 Rg5 42. Rf1+ Kg7 43. Qf3 Qe7 44.
Qf5 Rxf5 45. gxf5 Ng6 46. Rg1 Qe4+ 47. Rg2 Qe1+ 48. Rg1 Qe4+ 49. Rg2 Qxf5 50. Kg1 Qb1+ 51. Kf2 Qxb5 52. Rg3 Qc5+ 53. Kg2 Kf6 54. Rf3+ Nf4+ 55. Rxf4+ Kg5 56. Rf2 Qd5+ 57. Kf1 f5 58. Kg1 f4 59.
Rg2+ Kf5 60. Rf2 f3 61. Kf1 Kf4 62. Rc2 Qd1+ 63. Kf2 Qxc2+ 0-1

[Event "Early-Titled-Tuesday-Blitz-September-12-2023"]
[Site "Chess.com"]
[Date "2023.09.12"]
[Round "9"]
[White "Alexei_Gubajdullin"]
[Black "Aash20"]
[Result "0-1"]
[WhiteElo "2609"]
[BlackElo "2520"]
[TimeControl "180+1"]
[EndTime "9:46:39 PDT"]
[Termination "Aash20 won by resignation"]

1. d4 d5 2. Nf3 Nf6 3. Bf4 c5 4.
e3 Nc6 5. Nbd2 Qb6 6. dxc5 Qxb2 7.
c4 dxc4 8. Nxc4 Qc3+ 9. Nfd2 Nb4 10. Rc1 Nd3+ 11. Bxd3 Qxd3 12. Ne5 Qd5 13. O-O e6 14. Nb3 Be7 15. c6 O-O 16. c7 b6 17. Qe2 Bb7 18.
f3 a5 19. Rfd1 Ba6 20. Qe1 Qb7 21. Nc6 Ba3 22. Rd8 Bxc1 23. Qxc1 Nd5 24. Bd6 Re8 25.
Rb8 Raxb8 26. cxb8=Q Rxb8 27. Nxb8 h5 28. e4 Nf6 29.
Qg5 Bc4 30. Be5 Ne8 31. Qd8 Bb5 32. Nd4 Ba4 33. h4 Qa7 34. Kh2 Qb7 35. a3 g6 36.
Qg5 Kf8 37. Qf4 Ke7 38. Qg3 Kd8 39. Qg5+ Kc8 40. Qh6 Qe7 41. Qh8 Bd7 42. Nbc6 Bxc6 43. Nxc6 Qd7 44. Nd4 Kb7 45. Qxe8 Qxe8 46. Bf6 Qa4 47. Ne2 Qxa3 48. Nf4 Qa2 49. Nh3 a4 50. Ng5 Qb1 51. Nxf7 a3 52. Nd6+ Ka6 53. Nc4 a2 54.
Nd6 a1=Q 55. Bxa1 Qxa1 56. Nf7 Qf6 57. Ng5 Qf4+ 58. g3 Qd2+ 59. Kh3 b5 60. Nxe6 Qd7 61. g4 Qxe6 62. Kg3 hxg4 63. fxg4 Qxe4 64. h5 gxh5 65. gxh5 Qf5 66. h6 Qg6+ 67. Kf4 Qxh6+ 68. Ke5 Qc6 0-1

[Event "Early-Titled-Tuesday-Blitz-September-12-2023"]
[Site "Chess.com"]
[Date "2023.09.12"]
[Round "9"]
[White "MrTattaglia"]
[Black "GianmarcoVaR"]
[Result "0-1"]
[WhiteElo "2898"]
[BlackElo "2661"]
[TimeControl "180+1"]
[EndTime "9:46:40 PDT"]
[Termination "GianmarcoVaR won by checkmate"]

1. d4 Nf6 2. c4 e6 3. Nc3 Bb4 4. e3 O-O 5. Bd3 d5 6. a3 Bxc3+ 7. bxc3 dxc4 8. Bxc4 c5 9. Nf3 Qc7 10. Be2 b6 11.
Bb2 Nc6 12. dxc5 Na5 13. c4 Qxc5 14. O-O Bb7 15. Nd4 Rfd8 16. Qa4 Rac8 17. Rac1 Qg5 18. Nf3 Qc5 19. Bd4 Bc6 20. Qc2 Qxa3 21. Ra1 Qe7 22.
c5 Be4 23. Qb2 Nc6 24. cxb6 Nxd4 25. Nxd4 axb6 26. Qxb6 Rb8 27. Qa5 Qe8 28. Bb5 Qf8 29.
Be2 Ra8 30. Qc3 Rdc8 31. Qb2 Nd5 32. h3 h6 33. Rab1 Rab8 34. Qd2 Ra8 35. Rbc1 Rcb8 36.
Nc6 Rc8 37. Qd4 Nf6 38. Ne5 Rd8 39. Qb2 Rab8 40. Qa1 Ra8 41. Qc3 Rac8 42. Qe1 Ra8 43. Bf3 Bxf3 44. Nxf3 Rac8 45. Rb1 Rb8 46. Qe2 Rxb1 47.
Rxb1 Rb8 48. Re1 Rc8 49. Qb5 Nd5 50. Qf1 Rb8 51. Rc1 Qb4 52. Ne5 Qe4 53. Nc6 Rc8 54.
Qd1 Kh7 55. Nd4 Nxe3 56. fxe3 Qxe3+ 57. Kh2 Rxc1 58. Qg4 Rc4 59. Nf5 Qe5+ 60. Qg3 Qxf5 61. Kh1 Qf4 62. h4 Rc1+ 63. Qe1 Rc4 64. g3 Rc1 65. Qg1 Qf3+ 66. Kh2 Rxg1 67. Kxg1 Qe2 68. Kh1 Kg6 69. g4 Kf6 70. g5+ Ke5 71. h5 Kf4 72. g6 fxg6 73. hxg6 Kg3 74. Kg1 Qe1# 0-1

[Event "Early-Titled-Tuesday-Blitz-September-12-2023"]
[Site "Chess.com"]
[Date "2023.09.12"]
[Round "9"]
[White "FGHSMN"]
[Black "Zohid6"]
[Result "0-1"]
[WhiteElo "2888"]
[BlackElo "2747"]
[TimeControl "180+1"]
[EndTime "9:46:48 PDT"]
[Termination "Zohid6 won by resignation"]

1. e4 e6 2. d4 d5 3. Nc3 Nf6 4. e5 Nfd7 5. f4 c5 6. Nf3 Nc6 7. Ne2 Be7 8. c3 O-O 9. g3 f6 10. Bh3 fxe5 11. dxe5 Kh8 12. O-O Nb6 13. b3 Bd7 14.
Be3 Qe8 15. Qd2 Rd8 16. Bf2 Qg6 17. Rae1 Be8 18. g4 Qh6 19. Kg2 Bg6 20. g5 Qh5 21. Ng3 Qxf3+ 22. Kxf3 Bxg5 23. Ne2 Nxe5+ 24. Kg3 Bh4+ 25.
Kxh4 Nf3+ 26. Kg3 Nxd2 27. Bxe6 Nxf1+ 28. Rxf1 Rde8 29. f5 Bxf5 30. Bxc5 Rf6 31. Bxf5 Rxe2 32. Bd4 Rf8 33. Rf4 Rxa2 34. h4 h6 35. h5 Ra3 36.
Rg4 Rf7 37. Be6 Re7 38. Rg6 Kh7 39. Bc5 Rxe6 40. Rxe6 Rxb3 41. Bd4 Na4 42. Re7 Kg8 43. Rxg7+ Kf8 44. Rc7 Ke8 45. Kf4 Kd8 46. Rh7 Nxc3 47.
Bf6+ Ke8 48. Rxh6 Ne4 49. Be5 Rb1 50. Rh7 Rf1+ 51. Ke3 Rh1 52. h6 Ng5 53. Rg7 Nf7 54. Bf4 Nxh6 55. Rxb7 Nf5+ 56. Kf3 Ra1 57. Bg5 Ra4 58.
Bf4 Nd4+ 59. Kg4 Ne6 60. Kf5 Nxf4 61. Ke5 Re4+ 62. Kd6 d4 63. Rxa7 d3 64. Kc5 d2 65.
Ra8+ Ke7 66. Ra7+ Ke6 67. Ra6+ Ke5 68. Rd6 Rc4+ 0-1

[Event "Early-Titled-Tuesday-Blitz-September-12-2023"]
[Site "Chess.com"]
[Date "2023.09.12"]
[Round "9"]
[White "lachesisQ"]
[Black "LevonAronian"]
[Result "1/2-1/2"]
[WhiteElo "3081"]
[BlackElo "3060"]
[TimeControl "180+1"]
[EndTime "9:46:49 PDT"]
[Termination "Game drawn - insufficient material"]

1. d4 d5 2. c4 dxc4 3. Nf3 Nf6 4. e3 e6 5. Bxc4 c5 6. O-O a6 7. Be2 Nbd7 8. b3 b6 9. Bb2 Bb7 10. Nbd2 Be7 11. dxc5 Bxc5 12. Nd4 O-O 13. Bf3 Bxf3 14. N2xf3 Qc7 15. Qe2 Qb7 16. Rfd1 Rac8 17. Rac1 Be7 18. h3 h6 19. Nd2 Rxc1 20. Rxc1 Rc8 21. Rxc8+ Qxc8 22. Qc4 Qxc4 23. Nxc4 Nd5 24. Nc6 Bf6 25. Bxf6 N7xf6 26. a4 Ne4 27. f3 Nc5 28. e4 Nf4 29. Nxb6 Nxb3 30. a5 g5 31. Nc4 h5 32. Nb4 Nc5 33. Ne5 Kg7 34. Kf2 h4 35. Nc4 Kf6 36.
Nc6 Kg7 37. Kf1 Kf6 38. Nd6 Kg7 39. Ne8+ Kf8 40. Nc7 Nfd3 41. Ke2 Nf4+ 42. Kf2 Nfd3+ 43. Kf1 Nf4 44. Nb4 Nb3 45. Nc6 Nc5 46. Ne5 Ke7 47.
Nc4 Kd7 48. Na8 Kc6 49. Ne5+ Kb7 50. Nb6 f6 51. Ned7 Nxd7 52. Nxd7 Kc6 53. Nxf6 Kb5 54. Nh7 Kxa5 55. Nxg5 Kb4 56. Kf2 a5 57. g3 hxg3+ 58.
Kxg3 a4 59. Kxf4 a3 60. Nxe6 a2 61. Kf5 a1=Q 62. f4 Qh8 63. Ng5 Kc5 64. e5 Kc6 65.
Kg6 Kd7 66. Nf7 Qxh3 67. f5 Qg4+ 68. Kf6 Qh4+ 69. Kg6 Ke7 70. Ng5 Qc4 71. f6+ Kf8 72.
e6 Qd3+ 73. Kh6 Qe3 74. Kg6 Qd3+ 75. Kh6 Qf5 76. Nh7+ Ke8 77. f7+ Qxf7 78. exf7+ Kxf7 1/2-1/2

[Event "Early-Titled-Tuesday-Blitz-September-12-2023"]
[Site "Chess.com"]
[Date "2023.09.12"]
[Round "9"]
[White "Apocalyps999"]
[Black "HrvojeZagreb"]
[Result "0-1"]
[WhiteElo "2303"]
[BlackElo "2272"]
[TimeControl "180+1"]
[EndTime "9:46:50 PDT"]
[Termination "HrvojeZagreb won by checkmate"]

1. e4 c5 2. c3 d5 3. exd5 Qxd5 4. d4 Nf6 5. Nf3 e6 6. Na3 cxd4 7. Nb5 Na6 8.
Nbxd4 Be7 9. Be3 O-O 10. Bxa6 bxa6 11. O-O Bb7 12. Qa4 Rac8 13. Rad1 Qh5 14. h3 Nd5 15. Rfe1 Bf6 16. Bd2 e5 17. Ne2 Nb6 18. Qg4 Qxg4 19. hxg4 Nc4 20. Bc1 e4 21. Nfd4 g6 22. Ng3 Rfe8 23.
g5 Bg7 24. b3 Nb6 25. c4 a5 26. Nde2 a4 27. Nf4 axb3 28. axb3 a5 29. Ba3 a4 30. c5 Be5 31. cxb6 Bxf4 32. Ne2 Bxg5 33. bxa4 e3 34. f4 Bh4 35. g3 Bf6 36. a5 Ba6 37.
Nd4 e2 38. Rd2 Red8 39. Bb2 Rc4 40. Rexe2 Bxd4+ 41. Bxd4 Rcxd4 42. Rxd4 Rxd4 43. Re8+ Kg7 44. Ra8 Bb7 45. Rb8 Rd7 46. Kf2 h5 47. Ke3 f6 48.
Re8 g5 49. fxg5 fxg5 50. Re5 Kg6 51. Re6+ Kf5 52. Rh6 Re7+ 53. Kf2 Re5 54. Rxh5 Rxa5 55. Rh7 Ra2+ 56. Kg1 Bf3 57. Rf7+ Kg4 58. b7 Rb2 59.
b8=Q Rxb8 60. Kf2 Rb2+ 61. Ke3 Re2+ 62. Kd3 Kxg3 63. Rg7 g4 64. Kd4 Re6 65. Rg8 Kf2 66. Rg7 g3 67. Rg8 Re4+ 68. Kd5 Rg4+ 69. Kd6 Rxg8 70.
Kc7 g2 71. Kb6 g1=Q 72. Ka7 Qc1 73. Kb6 Rb8+ 74. Ka5 Qa1# 0-1

[Event "Early-Titled-Tuesday-Blitz-September-12-2023"]
[Site "Chess.com"]
[Date "2023.09.12"]
[Round "9"]
[White "HajiyevKanan"]
[Black "jk13"]
[Result "0-1"]
[WhiteElo "2519"]
[BlackElo "2680"]
[TimeControl "180+1"]
[EndTime "9:46:51 PDT"]
[Termination "jk13 won on time"]

1. d4 Nf6 2. Nf3 e6 3. c4 Bb4+ 4. Bd2 Bxd2+ 5. Qxd2 O-O 6. Nc3 d5 7. e3 Qe7 8. Bd3 dxc4 9. Bxc4 Rd8 10. O-O c5 11.
Qe2 Nc6 12. dxc5 Qxc5 13. Rfd1 Bd7 14. Rac1 Rac8 15. Bb3 Qa5 16. h3 h6 17. Qb5 a6 18.
Qxa5 Nxa5 19. Ne5 Be8 20. Rxd8 Rxd8 21. Rd1 Rc8 22. Bc2 Kf8 23. Bd3 Ke7 24. f4 Nc6 25.
Nxc6+ Bxc6 26. e4 e5 27. g3 Rd8 28. fxe5 Nxe4 29. Bxe4 Rxd1+ 30. Nxd1 Bxe4 31. Kf2 Ke6 32. Ke3 Kxe5 33. Nc3 Bc6 34. h4 g5 35. hxg5 hxg5 36.
Ne2 f5 37. a3 Bb5 38. Nc3 f4+ 39. gxf4+ gxf4+ 40. Kf3 Bc6+ 41. Ke2 Kd4 42. Kd2 f3 43. Nd1 Kc4 44. Nf2 Kb3 45. Kc1 Bd7 46. Nd3 Bf5 47.
Nf2 a5 48. Nd1 Bh7 49. Nf2 b6 50. Nd1 Bd3 51. Nf2 Be2 52. Ne4 Kc4 53. Kd2 Kd4 54.
Nf2 Bc4 55. Ng4 Be6 56. Nf2 Bf5 57. Nd1 Ke4 58. Nf2+ Kf4 59. Ke1 Ke3 60. Nd1+ Kd3 61. Kf2 Be4 62. b4 axb4 63. axb4 Kc4 64. Ke3 Bb7 65.
b5 Kxb5 66. Nf2 Kc4 67. Nd3 b5 68. Ne5+ Kc3 69. Nd7 b4 70. Nc5 Bc6 71. Ne6 b3 72.
Nd4 b2 73. Nxc6 b1=Q 74. Ne5 Qe1+ 0-1

[Event "Early-Titled-Tuesday-Blitz-September-12-2023"]
[Site "Chess.com"]
[Date "2023.09.12"]
[Round "9"]
[White "Herzog2012"]
[Black "DefiantChair"]
[Result "0-1"]
[WhiteElo "2512"]
[BlackElo "2685"]
[TimeControl "180+1"]
[EndTime "9:46:53 PDT"]
[Termination "DefiantChair won by resignation"]

1. e4 e5 2. Nc3 Nf6 3. g3 Nc6 4. Bg2 Bc5 5. Nge2 Bb6 6. Na4 d6 7. Nxb6 axb6 8. d4 Qe7 9. O-O h5 10. Bg5 exd4 11. Nxd4 Qe5 12. Nxc6 bxc6 13. Bf4 Qb5 14.
e5 dxe5 15. Bxe5 O-O 16. Bxf6 gxf6 17. b3 Bg4 18. Qd4 Rad8 19. Qxf6 Rd6 20. Qc3 Rfd8 21. Rfe1 Qg5 22. h3 Bc8 23. Re5 Qg7 24. Rae1 Bd7 25.
Qe3 h4 26. Rg5 Rg6 27. Rxg6 Qxg6 28. Qd3 Qg5 29. gxh4 Qxh4 30. Qg3+ Qxg3 31. fxg3 Be6 32. Bxc6 Rd2 33. Be4 Bxh3 34. Kh1 f5 35. Bd3 Kf7 36. Re2 Rd1+ 37. Kh2 Bg4 38. Rf2 Kf6 39. Kg2 c5 40. Rf1 Rd2+ 41. Rf2 Bh3+ 42. Kf3 Rd1 43. Ke2 Bg4+ 44.
Ke3 Ke5 45. Be2 Rd4 46. Bxg4 Rxg4 47. Kf3 b5 48. Re2+ Kf6 49. Rd2 Ke5 50. c3 Rg8 51.
Re2+ Kf6 52. Rd2 Ke6 53. Re2+ Kf6 54. c4 b4 55. Rd2 Ra8 56. Rd6+ Kg5 57. Rd3 Rxa2 58.
Re3 Rb2 59. Rd3 Rc2 60. Re3 Rd2 61. Re5 Rd3+ 62. Re3 Rc3 63. Rxc3 bxc3 64. Ke2 Kg4 65. Kd3 Kxg3 66. b4 f4 67. bxc5 f3 68. c6 f2 0-1

[Event "Early-Titled-Tuesday-Blitz-September-12-2023"]
[Site "Chess.com"]
[Date "2023.09.12"]
[Round "9"]
[White "Zheenbekov86"]
[Black "FARIZA2018"]
[Result "1-0"]
[WhiteElo "2421"]
[BlackElo "2509"]
[TimeControl "180+1"]
[EndTime "9:46:55 PDT"]
[Termination "Zheenbekov86 won on time"]

1. e4 e5 2. Nf3 Nc6 3. Bc4 Nf6 4. d3 Bc5 5. O-O O-O 6. c3 h6 7. b4 Bd6 8. Re1 a6 9. Nbd2 b5 10. Bb3 Bb7 11. a3 Be7 12. d4 d6 13. Nf1 a5 14. d5 Nb8 15. Ng3 Bc8 16. Qe2 Qe8 17. Nh4 Na6 18. Nhf5 Bxf5 19. Nxf5 axb4 20. axb4 Bd8 21.
Qf3 Qd7 22. Qg3 Nh5 23. Qg4 Nf6 24. Nxh6+ Kh7 25. Qh4 gxh6 26. Qxh6+ Kg8 27. Re3 Nxe4 28. Rh3 f5 29. f3 Qg7 30. fxe4 Qxh6 31. Bxh6 Rf7 32.
exf5 Rxf5 33. Bc2 Rf7 34. Rg3+ Kh8 35. Bg6 Rf6 36. h4 c6 37. dxc6 Nc7 38. Rxa8 Nxa8 39. h5 d5 40. Bg5 Bb6+ 41. Kh2 Rxc6 42. Rf3 Rc8 43. Bf6+ Kg8 44. Bxe5 Bc7 45. Bxc7 Rxc7 46. h6 Nb6 47. h7+ Kg7 48. Bd3 Rc8 49. Rg3+ Kh8 50. Rg6 Nc4 51. Rg5 Nb2 52. Bc2 d4 53. Rxb5 dxc3 54.
Rg5 Nc4 55. b5 Ne3 56. b6 Nxc2 57. b7 Rb8 58. Rg8+ 1-0

[Event "Early-Titled-Tuesday-Blitz-September-12-2023"]
[Site "Chess.com"]
[Date "2023.09.12"]
[Round "9"]
[White "1995Tiger"]
[Black "jcmesafischer"]
[Result "1-0"]
[WhiteElo "2221"]
[BlackElo "2368"]
[TimeControl "180+1"]
[EndTime "9:46:56 PDT"]
[Termination "1995Tiger won on time"]

1. e4 c5 2. c3 Nf6 3. e5 Nd5 4. Nf3 Nc6 5. Bc4 Nb6 6. Bb3 d5 7.
exd6 Qxd6 8. O-O Bf5 9. a4 e6 10. a5 Nd5 11. a6 b6 12. Ba4 Rc8 13. d4 Bg4 14. Na3 Be7 15. Nb5 Qd7 16. h3 Bxf3 17.
Qxf3 O-O 18. c4 Ndb4 19. dxc5 Bxc5 20. Rd1 Qe7 21. Bf4 e5 22. Bg3 e4 23. Qe2 f5 24.
Nd6 Rcd8 25. Nb7 f4 26. Nxd8 Nxd8 27. Rd7 Qg5 28. Kh2 fxg3+ 29. fxg3 Ne6 30. Qxe4 Qg6 31. Qxg6 hxg6 32. Rxa7 Ng5 33. Rb7 Ne4 34. a7 Bd6 35. a8=Q Bxg3+ 36. Kh1 Rxa8 37. Rf1 Nf2+ 38. Rxf2 Rxa4 39. Rf1 Ra2 40. Rxb6 Nd3 41. Rxg6 Nf2+ 42. Kg1 Ne4 43. Rg4 Bf2+ 44. Rxf2 Nxf2 45. Kxf2 Rxb2+ 46. Kf3 Rb3+ 47. Kf2 Rc3 48. Kg1 Kf7 49. Kh2 Kf6 50. h4 Kf5 51. Rg5+ Kf6 52. c5 g6 53. g3 Rc2+ 54. Kh3 Rc4 55. Rd5 Rc3 56. Rd6+ Kg7 57. Rc6 Rc4 58. Kh2 Kh6 59. Kh3 Kh5 60. Kh2 g5 61. hxg5 Kxg5 62. Kg2 Kg4 63. Kf2 Rc2+ 64. Ke3 Kf5 65. Kd4 Rd2+ 66. Kc4 Ke5 67. Rg6 Rc2+ 68.
Kb5 Kd5 69. Rg5+ Kd4 70. c6 Rb2+ 71. Ka6 Rc2 72. Kb7 Rb2+ 73. Kc8 Rc2 74. c7 Ke4 75. Kd8 Rd2+ 76. Ke8 1-0

[Event "Early-Titled-Tuesday-Blitz-September-12-2023"]
[Site "Chess.com"]
[Date "2023.09.12"]
[Round "9"]
[White "S-Fazulyanov"]
[Black "Bilan_Danila"]
[Result "0-1"]
[WhiteElo "2434"]
[BlackElo "2578"]
[TimeControl "180+1"]
[EndTime "9:46:57 PDT"]
[Termination "Bilan_Danila won by resignation"]

1. e4 c6 2. d4 d5 3. exd5 cxd5 4. Bd3 Nc6 5. c3 Qc7 6. h3 Nf6 7. Nf3 g6 8. O-O Bf5 9. Bxf5 gxf5 10. Qd3 e6 11. Ne5 Nxe5 12. dxe5 Qxe5 13. Qb5+ Nd7 14. Qxb7 Rb8 15. Qc6 Rg8 16. Nd2 Bd6 17. Nf3 Qe4 18.
Kh1 Ke7 19. Bg5+ f6 20. Rfe1 Qc4 21. Qxc4 dxc4 22. Bc1 Bc5 23. Re2 e5 24. Be3 Bxe3 25. fxe3 Nc5 26. Rd1 Ne4 27. Kh2 Rgd8 28. Rxd8 Rxd8 29.
Nh4 Ke6 30. Nf3 Rd1 31. g4 fxg4 32. hxg4 a5 33. a3 a4 34. Kg2 h6 35. Kh2 Ng5 36.
Nxg5+ hxg5 37. Kg2 Rb1 38. Kf3 Rf1+ 39. Kg2 Rd1 40. Kf2 f5 41. gxf5+ Kxf5 42. e4+ Kf4 43. Kg2 g4 44. Kf2 g3+ 45. Kg2 Rb1 46. Rd2 Kxe4 47. Kxg3 Rf1 48. Kg2 Rf7 49. Rd8 Rb7 50. Ra8 Rxb2+ 51.
Kf1 Kd3 52. Rxa4 e4 53. Ra8 e3 54. Rd8+ Kxc3 55. Ke1 Ra2 56. Re8 Kd3 57. Rd8+ Ke4 58. Re8+ Kd4 59. Rd8+ Kc5 60. Rc8+ Kb5 61. Rb8+ Ka4 62.
Ra8+ Kb3 63. Re8 Rxa3 64. Rxe3+ Kb2 65. Rxa3 Kxa3 66. Kd2 Kb2 67. Kd1 c3 68. Ke2 c2 0-1

[Event "Early-Titled-Tuesday-Blitz-September-12-2023"]
[Site "Chess.com"]
[Date "2023.09.12"]
[Round "9"]
[White "tylityli"]
[Black "MathiasWomacka"]
[Result "1/2-1/2"]
[WhiteElo "2322"]
[BlackElo "2471"]
[TimeControl "180+1"]
[EndTime "9:46:59 PDT"]
[Termination "Game drawn by repetition"]

1. d4 Nf6 2. c4 e6 3. Nc3 Bb4 4. e3 c5 5. Ne2 cxd4 6. exd4 O-O 7.
a3 Be7 8. d5 exd5 9. cxd5 Bc5 10. b4 Bd6 11. g3 a5 12. b5 Be5 13. Bg2 d6 14. O-O Nbd7 15. h3 Nc5 16. a4 Bf5 17. Be3 Nfe4 18. Nxe4 Bxa1 19. Nxc5 Bf6 20. Ne4 Bxe4 21.
Bxe4 Re8 22. Bg2 Rc8 23. Nd4 Rc4 24. Nf5 g6 25. Nh6+ Kg7 26. Ng4 Bc3 27. Qd3 Qc7 28. Bh6+ Kg8 29. Qxc3 Rxc3 30. Nf6+ Kh8 31. Nxe8 Qe7 32. Bg7+ Kg8 33. Bxc3 Qxe8 34. Re1 Qc8 35. Bf6 Kf8 36. Be7+ Kg7 37. Bxd6 Qc4 38. Be5+ f6 39.
Bf4 g5 40. Be3 Qxa4 41. b6 Qb4 42. Rc1 a4 43. Rc7+ Kg6 44. Rxb7 a3 45. Ra7 Qb2 46. b7 a2 47. Kh2 Qxb7 48. Rxb7 a1=Q 49. Be4+ f5 50.
Rb6+ Kf7 51. Bxf5 Qd1 52. Be6+ Kg7 53. Bxg5 Qe2 54. Be3 h5 55. Rb7+ Kf6 56. Rh7 Ke5 57. Kg2 Qd1 58. Rh6 Qd3 59. Bf4+ Ke4 60. Rxh5 Qf3+ 61.
Kg1 Qxh5 62. Kg2 Qf3+ 63. Kg1 Qd1+ 64. Kg2 Qf3+ 65. Kg1 Qe2 66. Kg2 Qd1 67. Bg4 Qd3 68.
h4 Kxd5 69. Bf3+ Ke6 70. h5 Kf5 71. Be3 Qb3 72. h6 Kg6 73. Bf4 Qc4 74. Be3 Qd3 75.
Bf4 Qc4 76. Be3 Qd3 77. Bf4 Qc4 1/2-1/2

[Event "Early-Titled-Tuesday-Blitz-September-12-2023"]
[Site "Chess.com"]
[Date "2023.09.12"]
[Round "9"]
[White "AttilaTurzo"]
[Black "AliKa2810"]
[Result "0-1"]
[WhiteElo "2466"]
[BlackElo "2574"]
[TimeControl "180+1"]
[EndTime "9:47:00 PDT"]
[Termination "AliKa2810 won on time"]

1. d4 Nf6 2. Nf3 g6 3. Bf4 Bg7 4. e3 d6 5. Be2 O-O 6. h3 b6 7. Bh2 Bb7 8. O-O c5 9. c3 Nbd7 10. Nbd2 a6 11. a4 Bc6 12. Qb3 Qb8 13. Rfc1 Qb7 14.
Bf1 Ne4 15. Nxe4 Bxe4 16. Nd2 Bd5 17. c4 cxd4 18. cxd5 dxe3 19. fxe3 Nc5 20. Qa2 b5 21. a5 Qa7 22. Kh1 Na4 23. Re1 Bxb2 24. Rab1 Bg7 25.
Rbc1 Rac8 26. Bg1 Nc3 27. Qb3 Qc7 28. Nb1 Qxa5 29. Nxc3 Bxc3 30. Re2 Be5 31. Rec2 Rxc2 32. Rxc2 Qe1 33. Rf2 f5 34. Qd3 f4 35. exf4 Rxf4 36. Rxf4 Bxf4 37. Bh2 Bxh2 38. Kxh2 Qc1 39. Be2 Qf4+ 40.
Qg3 Qd2 41. Qf3 Qd4 42. Qd3 Qf4+ 43. Kg1 Qc1+ 44. Bf1 Qf4 45. Qc3 Qf5 46. Qc6 Qe5 47. Qxa6 Qxd5 48. Qxb5 Qd4+ 49. Kh1 e5 50. Bc4+ Kg7 51.
Qd5 Qf4 52. Qe6 Qc1+ 53. Kh2 Qf4+ 54. Kg1 Qd4+ 55. Kf1 h5 56. Qf7+ Kh6 57. Bd5 Qa1+ 58. Kf2 Qd4+ 59. Kg3 h4+ 60. Kh2 Qe3 61. Qf3 Qxf3 62.
Bxf3 Kg5 63. Kg1 Kf4 64. Kf2 e4 65. Bd1 d5 66. Bb3 d4 67. Bc4 g5 68. Bd5 d3 69.
Bb3 e3+ 70. Kf1 Kg3 71. Bc4 d2 72. Be2 Kh2 73. Bg4 Kg3 74. Bf3 Kf4 75. Bg4 Ke4 76. Be2 Kd4 77. Bb5 Kc3 78. Ke2 Kd4 0-1

[Event "Early-Titled-Tuesday-Blitz-September-12-2023"]
[Site "Chess.com"]
[Date "2023.09.12"]
[Round "9"]
[White "Gauravthegm"]
[Black "jaskol95"]
[Result "1-0"]
[WhiteElo "2435"]
[BlackElo "2535"]
[TimeControl "180+1"]
[EndTime "9:47:10 PDT"]
[Termination "Gauravthegm won by resignation"]

1. e4 d5 2. exd5 Nf6 3. d4 Bg4 4. Be2 Bxe2 5. Nxe2 Qxd5 6. O-O e6 7. b3 c6 8. c4 Qh5 9. h3 Nbd7 10. Bf4 Be7 11.
Nbc3 O-O 12. Ng3 Qxd1 13. Raxd1 Bb4 14. Nce4 Rfd8 15. Bc7 Rdc8 16. Bd6 Nxe4 17. Nxe4 Bxd6 18. Nxd6 Rc7 19. c5 Nf6 20. a3 a5 21. f4 Rd7 22.
f5 exf5 23. Rxf5 Nd5 24. Re5 Kf8 25. Rde1 Nf6 26. g4 h6 27. Kg2 b6 28. Kg3 bxc5 29.
dxc5 Rb8 30. R5e3 g6 31. h4 Kg7 32. Rf3 Nd5 33. Ref1 f6 34. Re1 Re7 35. Rxe7+ Nxe7 36.
Re3 Nd5 37. Rd3 Rd8 38. Kf3 Rd7 39. h5 Re7 40. hxg6 Kxg6 41. Nf5 Re1 42. Nd4 Rc1 43.
Nxc6 Rxc5 44. Rxd5 Rxc6 45. Rxa5 Rc3+ 46. Kf4 Rxb3 47.
Ra8 Kf7 48. Ra7+ Ke6 49. Ra6+ Kf7 50. Ra7+ Kg6 51. Ra6 Rb1 52. a4 Rf1+ 53. Kg3 Rb1 54. Ra8 Rb4 55. Rg8+ Kf7 56. Ra8 Rc4 57. a5 Ra4 58. a6 Kg7 59. Ra7+ Kg6 60. Ra8 f5 61.
gxf5+ Kxf5 62. a7 Ra3+ 63. Kf2 Ra2+ 64. Ke3 Ra3+ 65. Kd2 Ra2+ 66. Kc3 Ra3+ 67. Kb4 Ra1 68. Rf8+ Kg4 69. a8=Q Rxa8 70. Rxa8 h5 71. Kc3 h4 72. Kd2 Kf3 73. Ke1 Kg2 74. Rg8+ Kh2 75. Kf2 Kh3 76. Rh8 Kg4 77. Kg2 Kf4 78. Kh3 1-0

[Event "Early-Titled-Tuesday-Blitz-September-12-2023"]
[Site "Chess.com"]
[Date "2023.09.12"]
[Round "9"]
[White "ljm509"]
[Black "Cambek64"]
[Result "1-0"]
[WhiteElo "2356"]
[BlackElo "2481"]
[TimeControl "180+1"]
[EndTime "9:47:12 PDT"]
[Termination "ljm509 won by checkmate"]

1. e4 c6 2. d4 d5 3. exd5 cxd5 4. c4 Nf6 5. Nc3 e6 6. Nf3 Nc6 7. Bd3 Be7 8. O-O O-O 9. a3 b6 10. Re1 Bb7 11. Bg5 dxc4 12. Bxc4 Na5 13. Ba2 Rc8 14. Qd3 Bxf3 15. gxf3 Nd5 16. Bd2 Nxc3 17. bxc3 Bf6 18. Rad1 Qc7 19. Bb1 g6 20. Kg2 Rfd8 21.
h4 Nc4 22. Bc1 Nd6 23. Bd2 Qc4 24. Qe3 Qd5 25. Be4 Nc4 26. Qf4 Qd6 27. Qxf6 Nxd2 28. Rxd2 Rxc3 29. d5 e5 30. Qxd6 Rxd6 31. Re3 Rc5 32.
Rdd3 f5 33. Rc3 fxe4 34. fxe4 Rd7 35. Rxc5 bxc5 36. Rc3 Rc7 37. Kf3 Kf7 38. Ke3 Ke7 39.
Kd3 Kd6 40. Kc4 Rf7 41. f3 Rb7 42. Rb3 Rxb3 43. Kxb3 h5 44. Ka4 Ke7 45. Kb5 g5 46.
hxg5 h4 47. Kc6 h3 48. Kc7 h2 49. d6+ Kf7 50. d7 h1=Q 51. d8=Q Qxf3 52. Qd5+ Kg6 53. Qxe5 Qxa3 54. Kd6 Qa5 55. Qf6+ Kh7 56. Qh6+ Kg8 57. g6 Qb6+ 58. Kd5 Qc7 59. Qh7+ Qxh7 60. gxh7+ Kxh7 61. e5 Kg8 62. Kd6 c4 63. e6 c3 64. e7 Kf7 65.
Kd7 c2 66. e8=Q+ Kf6 67. Qe1 Kf5 68. Qc1 Ke4 69. Qxc2+ Kd4 70. Qa4+ Kd5 71. Qxa7 Kc4 72. Qc7+ Kb5 73. Kd6 Ka6 74. Qb8 Ka5 75. Kc5 Ka4 76.
Qb4# 1-0